 Dungeon Crawl Stone Soup version 0.28.0-53-g5a82cb258f (webtiles) character file.

Game seed: 11875090724293512573

17801 LustLizard the Covert (level 12, -1/63 HPs)
             Began as a Spriggan Enchanter on July 13, 2022.
             Was a Follower of Ashenzari.
             Slain by a sixfirhy (10 damage)
             ... summoned by an orc high priest
             ... on level 2 of the Orcish Mines.
             The game lasted 01:08:47 (21928 turns).

LustLizard the Covert (Spriggan Enchanter)         Turns: 21928, Time: 01:08:48

Health: -1/63      AC:  6    Str: 12      XL:     12   Next: 22%
Magic:  0/21       EV: 22    Int: 12 (17) God:    Ashenzari [*.....]
Gold:   1097       SH:  0    Dex: 26      Spells: 13/22 levels left

rFire   . . .      SeeInvis +   M - +2 dagger (protect)
rCold   . . .      Faith    .   Q - orb {*channel}
rNeg    . . .      Spirit   +   v - +0 troll leather armour of Apeoromancy {Regen+, Pargi, Evo, Self} (curse)
rPois   +          Reflect  .   (helmet restricted)
rElec   .          Harm     .   R - +1 cloak of the Prescient Disgust {Range, Elem} (curse)
rCorr   .          Rampage  .   (gloves unavailable)
Will    ++...                   (boots unavailable)
Stlth   ++++++....              e - amulet "Bonig" {Spirit Dex+8}
HPRegen 1.00/turn               q - ring of poison resistance
MPRegen 0.17/turn               x - +6 ring of strength

@: very quick
A: very small, no large weapons, unfitting armour, see invisible, speed 3
a: Renounce Religion, Curse Item, Shatter the Chains


You were on level 2 of the Orcish Mines.
You worshipped Ashenzari.
Ashenzari was aware of your devotion.
You visited 3 branches of the dungeon, and saw 13 of its levels.
You also visited: Sewer.

You collected 1097 gold pieces.

Inventory:

Hand Weapons
 a - a +1 dagger
 I - a +1 dagger of electrocution
 M - a +2 dagger of protection (weapon)
 V - a +0 shortbow of flaming
Missiles
 g - 40 poisoned darts (quivered)
 D - 3 curare-tipped darts
 P - 218 arrows
 U - 2 throwing nets
Armour
 v - the cursed +0 troll leather armour of Apeoromancy (worn) {Regen+, Pargi, Evo, Self}
   (You found it on level 4 of the Dungeon)

   Regen:     It increases your rate of health regeneration.
   It has a curse which improves the following skills: Evocations: Evocations.
   Introspection: Fighting and Spellcasting.
 Q - an orb of energy (worn)
 R - the cursed +1 cloak of the Prescient Disgust (worn) {Range, Elem}
   (You took it off Crazy Yiuf on level 7 of the Dungeon)

   It has a curse which improves the following skills: Ranged Combat: Slings,
   Bows, Crossbows and Throwing.
   Elements:  Fire Magic, Ice Magic, Air Magic and Earth Magic.
Jewellery
 e - the amulet "Bonig" (around neck) {Spirit Dex+8}
   (You found it on level 5 of the Dungeon)

   [amulet of guardian spirit]

   It causes incoming damage to be divided between your reserves of health and
   magic.
   Dex:       It affects your dexterity (+8).
 k - a ring of protection from cold
 q - a ring of poison resistance (left hand)
 s - a ring of protection from fire
 x - a +6 ring of strength (right hand)
 T - a ring of positive energy
Wands
 o - a wand of flame (46)
 r - a wand of acid (3)
 A - a wand of polymorph (3)
 E - a wand of paralysis (15)
 H - a wand of iceblast (6)
Scrolls
 b - a scroll of fog
 d - 3 scrolls of enchant armour
 l - a scroll of brand weapon
 p - a scroll of magic mapping
 t - 2 scrolls of teleportation
 z - a scroll of fear
Potions
 c - a potion of invisibility
 f - 9 potions of heal wounds
 h - 2 potions of mutation
 j - a potion of might
 w - 2 potions of magic
 B - a potion of haste
 C - a potion of cancellation
 J - 2 potions of curing
 L - a potion of lignification
 S - a potion of resistance
 W - a potion of brilliance


   Skills:
 - Level 6.5(7.3) Fighting
 - Level 10.0 Short Blades
 - Level 8.3(9.2) Bows
 - Level 5.7 Dodging
 - Level 13.8 Stealth
 - Level 5.0(5.9) Spellcasting
 * Level 4.7 Conjurations
 * Level 7.8 Hexes
 - Level 3.7(4.5) Ice Magic
 - Level 6.2(7.1) Evocations


You had 13 spell levels left.
You knew the following spells:

 Your Spells              Type           Power      Damage    Failure   Level
a - Ensorcelled Hibernat  Hex/Ice        36%        N/A       2%          2
b - Tukima's Dance        Hex            22%        N/A       2%          3
c - Fulminant Prism       Conj/Hex       9%         3d7       19%         4

Your spell library contained the following spells:

 Spells                   Type           Power      Damage    Failure   Level
 Confusing Touch          Hex            22%        N/A       2%          3
 Magic Dart               Conj           56%        1d5       3%          1
 Searing Ray              Conj           28%        2d5       4%          2
 Dazzling Flash           Conj/Hex       36%        N/A       5%          3
 Conjure Flame            Conj/Fire      9%         6-21      26%         3
 Gell's Gravitas          Tloc           3%         N/A       56%         3
 Ignite Poison            Fire/Tmut/Pois 3%         N/A       56%         3
 Lesser Beckoning         Tloc           3%         N/A       56%         3
 Teleport Other           Tloc           3%         N/A       56%         3
 Sticky Flame             Conj/Fire      9%         2d3       65%         4


Dungeon Overview and Level Annotations

Branches:
Dungeon (10/15)            Temple (1/1) D:5            Lair (0/6) D:10
    Orc (2/2) D:9             Elf (0/3) Orc:2         Sewer (visited)

Altars:
Ashenzari
Cheibriados
Dithmenos
Elyvilon
Fedhas
Gozag
Hepliaklqana
Kikubaaqudgha
Makhleb
Nemelex Xobeh
Okawaru
Qazlal
Ru
Sif Muna
Trog
Uskayaw
Vehumet
Wu Jian
Xom
Yredelemnul
Zin
The Shining One

Shops:
D:7 (   Orc:2 :?

Annotations:
D:4 Menkaure
D:10 1 runed translucent door, MiltankisOP's ghost, journeyman FoFi


Innate Abilities, Weirdness & Mutations

You are very small and have problems with some larger weapons.
You are too small for most types of armour.
You have supernaturally acute eyesight. (SInv)
You cover ground extremely quickly. (Speed+++)


Message History

Aim: an orc high priest, wielding a +0 halberd (chance to affect: 19%)
The orc high priest resists with almost no effort.
The sixfirhy hits you. The sixfirhy shocks you! The sixfirhy hits you!
The sixfirhy shocks you!
The sixfirhy hits you but does no damage.
The orc high priest hits you with a +0 halberd.
Casting: Ensorcelled Hibernation (safe; 2% risk of failure)
Confirm with . or Enter, or press ? or * to list all spells.
Aiming: Ensorcelled Hibernation (safe; 2% risk of failure)
Press: ? - help, Shift-Dir - straight line, f/p - orc high priest
Aim: an orc high priest, wielding a +0 halberd (chance to affect: 19%)
The orc high priest resists with almost no effort.
The orc high priest misses you.
Unknown command.
Casting: Ensorcelled Hibernation (safe; 2% risk of failure)
Confirm with . or Enter, or press ? or * to list all spells.
Aiming: Ensorcelled Hibernation (safe; 2% risk of failure)
Press: ? - help, Shift-Dir - straight line, f/p - orc high priest
Aim: an orc high priest, wielding a +0 halberd (chance to affect: 19%)
The orc high priest resists with almost no effort.
The orc high priest closely misses you.
Unknown command.
Casting: Ensorcelled Hibernation (safe; 2% risk of failure)
Confirm with . or Enter, or press ? or * to list all spells.
Aiming: Ensorcelled Hibernation (safe; 2% risk of failure)
Press: ? - help, Shift-Dir - straight line, f/p - orc high priest
Aim: an orc high priest, wielding a +0 halberd (chance to affect: 19%)
The orc high priest resists with almost no effort.
The sixfirhy completely misses you. The sixfirhy barely misses you.
The orc high priest hits you with a +0 halberd!
* * * LOW HITPOINT WARNING * * *
The sixfirhy closely misses you.
Casting: Ensorcelled Hibernation (safe; 2% risk of failure)
Confirm with . or Enter, or press ? or * to list all spells.
You don't have enough magic to cast this spell.
Unknown command.
The sixfirhy hits you!
* * * LOW HITPOINT WARNING * * *
The sixfirhy shocks you!
You die...

............................###
..............................##
..#............................#
.#....#........................#
)##............................#
..##..........................##
o##...<.......................###
..##...(.........3...#...#...#.##
................@.o.#....#.......
..........#..................#.##
#........................#......#
##...........#....#......##.##...
##.........##.....##...######...
#...#......#.....#....## ##.#
##.##.................# ###
###..........##.....##
#......##.##.....##


You could see an orc high priest and a sixfirhy (summoned).

Vanquished Creatures
  A two-headed ogre (D:8)
  6 orc high priests
  3 orc knights
  2 orc sorcerers (Orc:1)
  2 cyclopes
  Joseph (D:7)
  An unseen horror (D:10)
  A troll (D:10)
  Grinder (D:6)
  Sigmund (D:4)
  A shadow (D:10)
  2 wraiths
  6 yaks (D:8)
  6 wargs
  Duvessa (D:5)
  A water moccasin (D:6)
  A sky beast (D:8)
  An ice beast (D:7)
  14 orc warriors
  A black bear (D:6)
  Pargi (D:4)
  2 ogres
  7 centaurs
  3 wolves (D:10)
  3 necrophages
  A boggart (D:10)
  4 kobold brigands
  2 phantoms
  4 scorpions
  2 gnoll sergeants
  A water moccasin zombie (D:5)
  A wyvern skeleton (D:7)
  Dowan (D:5)
  10 killer bees (D:9)
  A howler monkey (D:9)
  5 electric eels
  A bullfrog zombie (D:7)
  4 crimson imps (D:8)
  2 centaur zombies
  A bullfrog skeleton (D:4)
  6 hounds
  3 jellies
  36 orc priests
  Crazy Yiuf (D:7)
  2 centaur skeletons
  Jessica (D:3)
  2 iguanas
  A scorpion zombie (D:4)
  26 orc wizards
  A hound skeleton (D:4)
  A howler monkey zombie (D:9)
  19 gnolls
  4 river rats (Sewer)
  12 adders
  A white imp (D:7)
  3 ufetubi
  An adder zombie (D:4)
  4 worms
  2 dart slugs (D:4)
  85 orcs
  9 ball pythons
  4 endoplasms
  5 giant cockroaches
  8 goblins
  11 hobgoblins
  4 jackals
  4 quokkas
  9 bats
  5 frilled lizards
  18 kobolds
  9 rats
406 creatures vanquished.

Vanquished Creatures (collateral kills)
  An orc warrior (Orc:2)
  2 gnolls (D:3)
  3 orcs
6 creatures vanquished.

Vanquished Creatures (others)
  3 dancing weapons
  2 orcs
  4 demonic plants (D:3)
  8 fungi
  21 plants
  2 withered plants (D:3)
40 creatures vanquished.

Grand Total: 452 creatures vanquished

Notes
Turn   | Place    | Note
-------+----------+-------------------------------------------
     0 | D:1      | LustLizard the Spriggan Enchanter began the quest for the
                  | Orb.
     0 | D:1      | Reached XP level 1. HP: 9/9 MP: 5/5
  1107 | D:1      | Reached XP level 2. HP: 13/13 MP: 6/6
  1110 | D:1      | Learned a level 2 spell: Ensorcelled Hibernation
  1343 | D:1      | Reached skill level 5 in Stealth
  2088 | D:2      | Reached XP level 3. HP: 16/16 MP: 5/8
  2577 | D:2      | Reached XP level 4. HP: 21/21 MP: 6/9
  3026 | D:3      | Learned a level 3 spell: Tukima's Dance
  3039 | D:3      | Reached skill level 1 in Ice Magic
  3454 | D:3      | Reached skill level 6 in Stealth
  3671 | D:3      | Noticed a phantom
  3930 | D:3      | Reached XP level 5. HP: 24/24 MP: 8/11
  4057 | D:3      | Noticed Jessica
  4785 | D:3      | Found a faded altar of an unknown god.
  4806 | D:3      | Killed Jessica
  4807 | D:3      | Reached skill level 5 in Hexes
  5465 | D:4      | Reached XP level 6. HP: 28/28 MP: 12/12
  5493 | D:4      | Noticed Menkaure
  5960 | D:4      | Reached skill level 1 in Evocations
  5977 | D:4      | Reached skill level 7 in Stealth
  6057 | D:4      | Noticed Sigmund
  6197 | D:4      | Killed Sigmund
  6198 | D:4      | Reached XP level 7. HP: 32/32 MP: 8/14
  6249 | D:4      | Noticed Pargi
  6255 | D:4      | Killed Pargi
  6593 | D:4      | Found a basalt altar of Yredelemnul.
  7268 | D:2      | Reached skill level 8 in Stealth
  7558 | D:5      | Entered Level 5 of the Dungeon
  7566 | D:5      | Found a staircase to the Ecumenical Temple.
  7585 | Temple   | Entered the Ecumenical Temple
  7801 | Temple   | Became a worshipper of Ashenzari the Shackled
  7994 | D:5      | Found a shadowy altar of Dithmenos.
  8129 | D:5      | Reached XP level 8. HP: 36/36 MP: 15/15
  8204 | D:5      | Found an opulent altar of Gozag.
  8259 | D:5      | Identified the amulet "Bonig" {Spirit Dex+8}
  8286 | D:5      | Found a sparkling altar of Nemelex Xobeh.
  8457 | D:5      | Noticed Duvessa
  8457 | D:5      | Noticed Dowan
  8462 | D:5      | Killed Duvessa
  8465 | D:5      | Killed Dowan
  8466 | D:5      | Reached skill level 9 in Stealth
  8685 | D:5      | Found a hide-covered altar of Uskayaw.
  8685 | D:5      | Noticed a +0 short sword
  8685 | D:5      | Noticed a +0 short sword
  8685 | D:5      | Noticed a +0 dagger
  8685 | D:5      | Noticed a +0 falchion
  8687 | D:5      | Noticed a +0 spear
  8689 | D:5      | Noticed a +0 falchion
  8689 | D:5      | Noticed a +0 spear
  8690 | D:5      | Noticed a +0 dagger
  8748 | D:5      | Reached skill level 5 in Spellcasting
  9055 | D:6      | Found a glowing drain.
  9105 | D:6      | Reached skill level 1 in Fighting
  9156 | Sewer    | Entered a sewer
  9587 | Sewer    | Reached skill level 10 in Stealth
 10287 | D:6      | Reached XP level 9. HP: 42/42 MP: 4/17
 10454 | D:6      | Noticed Grinder
 10471 | D:6      | Paralysed by Grinder for 2 turns
 10475 | D:6      | Killed Grinder
 10476 | D:6      | Reached skill level 5 in Short Blades
 10714 | D:6      | Noticed a cyclops
 11174 | D:6      | Killed a cyclops
 11175 | D:6      | Reached skill level 11 in Stealth
 11257 | D:6      | Found a shimmering blue altar of Sif Muna.
 11733 | D:7      | Reached skill level 5 in Dodging
 12013 | D:7      | Reached skill level 12 in Stealth
 12204 | D:7      | Noticed Joseph
 12224 | D:7      | Killed Joseph
 12358 | D:7      | Reached XP level 10. HP: 51/51 MP: 16/19
 12581 | D:7      | Found Reppuos's Antique Weapon Shoppe.
 12659 | D:7      | Found a runed translucent door.
 12660 | D:7      | Noticed Crazy Yiuf
 12667 | D:7      | Killed Crazy Yiuf
 13069 | D:8      | Reached skill level 1 in Bows
 13351 | D:8      | Found a shimmering altar of Xom.
 13618 | D:8      | Reached * piety under Ashenzari
 13913 | D:8      | Noticed a two-headed ogre
 13920 | D:8      | Killed a two-headed ogre
 13921 | D:8      | Reached skill level 5 in Fighting
 13921 | D:8      | Reached skill level 13 in Stealth
 13921 | D:8      | Reached skill level 5 in Evocations
 15909 | D:9      | Found a staircase to the Orcish Mines.
 15963 | D:9      | Reached XP level 11. HP: 56/56 MP: 7/20
 16434 | D:9      | Learned a level 4 spell: Fulminant Prism
 16448 | D:10     | Entered Level 10 of the Dungeon
 16468 | D:10     | Found a blossoming altar of Fedhas.
 16575 | D:10     | Found a runed translucent door.
 16576 | D:10     | Noticed MiltankisOP's ghost (journeyman FoFi)
 16665 | D:10     | Noticed an entropy weaver
 16666 | D:10     | Noticed a fire dragon
 16666 | D:10     | an entropy weaver changed into a fire dragon
 16677 | D:10     | Noticed a quicksilver ooze
 16683 | D:10     | Noticed an entropy weaver
 16683 | D:10     | a quicksilver ooze changed into an entropy weaver
 16689 | D:10     | Noticed an ettin
 16689 | D:10     | an entropy weaver changed into an ettin
 16691 | D:10     | Noticed a radroach
 16691 | D:10     | an ettin changed into a radroach
 16694 | D:10     | Noticed a great orb of eyes
 16694 | D:10     | a radroach changed into a great orb of eyes
 16696 | D:10     | Noticed a jorogumo
 16696 | D:10     | a great orb of eyes changed into a jorogumo
 16701 | D:10     | Noticed an entropy weaver
 16701 | D:10     | a jorogumo changed into an entropy weaver
 16702 | D:10     | Noticed an emperor scorpion
 16702 | D:10     | an entropy weaver changed into an emperor scorpion
 16710 | D:10     | Noticed a catoblepas
 16710 | D:10     | an emperor scorpion changed into a catoblepas
 16712 | D:10     | Noticed an emperor scorpion
 16712 | D:10     | a catoblepas changed into an emperor scorpion
 16718 | D:10     | Noticed a dire elephant
 16718 | D:10     | an emperor scorpion changed into a dire elephant
 16719 | D:10     | Noticed a storm dragon
 16719 | D:10     | a dire elephant changed into a storm dragon
 16722 | D:10     | Noticed a catoblepas
 16722 | D:10     | a storm dragon changed into a catoblepas
 16724 | D:10     | Noticed a bunyip
 16724 | D:10     | a catoblepas changed into a bunyip
 16733 | D:10     | Noticed a quicksilver ooze
 16733 | D:10     | a bunyip changed into a quicksilver ooze
 16734 | D:10     | Noticed a goliath frog
 16734 | D:10     | a quicksilver ooze changed into a goliath frog
 16740 | D:10     | Noticed an entropy weaver
 16740 | D:10     | a goliath frog changed into an entropy weaver
 16742 | D:10     | Noticed a goliath frog
 16742 | D:10     | an entropy weaver changed into a goliath frog
 16857 | D:10     | Found a bloodstained altar of Trog.
 16864 | D:10     | Reached skill level 1 in Conjurations
 16926 | D:10     | Found a staircase to the Lair.
 16937 | D:10     | Reached skill level 5 in Bows
 17247 | D:10     | Found a stormy altar of Qazlal.
 17518 | D:10     | Found a hazy altar of Hepliaklqana.
 17567 | D:10     | Noticed a phantasmal warrior
 17572 | D:10     | Noticed a death knight
 17727 | Orc:1    | Entered Level 1 of the Orcish Mines
 18022 | Orc:1    | Noticed an orc sorcerer
 18378 | Orc:1    | Noticed an orc knight
 18569 | Orc:1    | Killed an orc sorcerer
 18580 | Orc:1    | Killed an orc knight
 18716 | Orc:1    | Noticed an orc sorcerer
 18726 | Orc:1    | Noticed an orc knight
 18728 | Orc:1    | Killed an orc sorcerer
 18833 | Orc:1    | Killed an orc knight
 19477 | Orc:2    | Entered Level 2 of the Orcish Mines
 19492 | Orc:2    | Found Pane's Book Emporium.
 19492 | Orc:2    | Noticed an orc high priest
 19494 | Orc:2    | Killed an orc high priest
 19755 | Orc:2    | Noticed an orc knight
 19779 | Orc:2    | Killed an orc knight
 20005 | Orc:2    | Found a staircase to the Elven Halls.
 20080 | Orc:2    | Reached skill level 10 in Short Blades
 20080 | Orc:2    | Noticed an orc high priest
 20116 | Orc:2    | Killed an orc high priest
 20152 | Orc:2    | Noticed an orc high priest
 20156 | Orc:2    | Noticed an orc high priest
 20579 | Orc:2    | Noticed a soul eater
 21073 | Orc:2    | Noticed an orc high priest
 21080 | Orc:1    | Killed an orc high priest
 21081 | Orc:1    | Reached XP level 12. HP: 53/63 MP: 10/21
 21349 | Orc:1    | Killed an orc high priest
 21743 | Orc:2    | Killed an orc high priest
 21818 | Orc:2    | Noticed an orc high priest
 21827 | Orc:2    | Killed an orc high priest
 21851 | Orc:2    | Found Opiasep's Magic Scroll Shop.
 21917 | Orc:2    | Noticed an orc high priest
 21928 | Orc:2    | Slain by a sixfirhy

Illustrated notes

Levels and vault maps discovered:
D:1:      dpeg_arrival_round_a, layout_loops_ring, minmay_misc_feat_room,
          minmay_heptomino_d4
D:2:      layout_rooms
D:3:      layout_basic, shapermc_ecumenical_altar_gd, serial_bayou,
          serial_bayou_pond_a, serial_bayou_pond_b, serial_bayou_pond_a,
          serial_bayou_lagoon_a, serial_bayou_pond_a,
          minmay_misc_feat_nine_boxes, uniq_jessica
D:4:      layout_basic, lemuel_zombie_altar_yredelemnul, uniq_menkaure,
          uniq_sigmund, uniq_pargi
D:5:      layout_loops_ring, nemelex_xobeh_ov_fountains_minmay,
          grunt_gozag_breadcrumbs, grunt_dithmenos_smoke,
          nicolae_uskayaw_en_pointe, minmay_temple_entry_statues_pillars,
          uniq_duvessa
D:6:      layout_basic, lemuel_blue_sif_altar, portal_sewer_entry_a,
          uniq_grinder
D:7:      layout_gridville, serial_shops, shop, chequers_serial_rivers_small_3,
          uniq_joseph, uniq_crazy_yiuf_cottage
D:8:      layout_rooms, led_xom_imps
D:9:      layout_basic, erik_orc_2
D:10:     layout_layer_cave, kennysheep_mini,
          grunt_temple_overflow_forces_of_nature, erik_lair_island,
          ebering_ghost_inner_flame, serial_glass, glass_columns_a,
          glass_columns_a, glass_columns_c, glass_columns_c, glass_columns_b,
          glass_columns_a, glass_columns_c, glass_columns_a, minivault_27,
          small_chamber_with_monster, david_defended_altar_orc
Temple:   minmay_temple_bridge_abc
Orc:1:    layout_caves
Orc:2:    st_orc_town, layout_caves

Skill      XL: |  1  2  3  4  5  6  7  8  9 10 11 |
---------------+----------------------------------+-----
Hexes          | 4 5 6 7 |  7.8
Stealth        | 5 6 7 8 10 12 13 | 13.8
Spellcasting   | 3 4 5 |  5.0
Short Blades   | 2 3 4 7 8 10 | 10.0
Ice Magic      | 1 2 3 |  3.7
Evocations     | 2 3 6 |  6.2
Fighting       | 1 4 5 6 |  6.5
Dodging        | 3 5 |  5.7
Bows           | 4 8 |  8.3
Conjurations   | 4 |  4.7

Action                   |  1- 3 |  4- 6 |  7- 9 | 10-12 || total
-------------------------+-------+-------+-------+-------++-------
Melee: Dagger            |   112 |   113 |   439 |   907 ||  1571
       Punch             |     1 |       |     4 |     6 ||    11
 Fire: Shortbow          |       |       |       |    66 ||    66
Throw: Dart              |     5 |     1 |       |       ||     6
       Boomerang         |     2 |    14 |       |       ||    16
       Stone             |       |    23 |     4 |       ||    27
 Cast: Ensorcelled Hiber |    20 |    43 |   115 |   272 ||   450
       Tukima's Dance    |       |     6 |       |     6 ||    12
Invok: Curse Item        |       |       |     1 |     1 ||     2
Evoke: Wand              |       |       |     2 |       ||     2
  Use: Scroll            |       |       |     8 |     3 ||    11
 Stab: Sleeping          |    20 |    36 |    83 |   139 ||   278
       Distracted        |       |     1 |     3 |     4 ||     8
Armor: Robe              |     9 |    11 |     5 |       ||    25
       Troll leather arm |       |       |    35 |   160 ||   195
Dodge: Dodged            |    95 |    85 |   263 |   822 ||  1265
